 Dungeon Crawl Stone Soup version 0.29.0-4-gdea44cf6ec (webtiles) character file.

Game seed: 14601446393613673656

392 qw the Chopper (level 6, -22/35 HPs)
             Began as a Tengu Warper on Aug 28, 2022.
             Was an Initiate of Okawaru.
             Annihilated by an ogre
             ... wielding a +0 giant spiked club
              (33 damage)
             ... on level 4 of the Dungeon.
             The game lasted 00:00:23 (4873 turns).

qw the Chopper (Tengu Warper)                       Turns: 4873, Time: 00:00:24

Health: -22/35     AC: 12    Str: 13    XL:     6   Next: 81%
Magic:  10/10      EV:  4    Int: 14    God:    Okawaru [......]
Gold:   145        SH:  4    Dex: 13    Spells: 9/9 levels left

rFire   . . .      SeeInvis .   Y - +0 hand axe
rCold   . . .      Faith    .   h - +0 buckler
rNeg    + . .      Spirit   .   e - +0 plate armour
rPois   .          Reflect  .   (helmet restricted)
rElec   .          Harm     .   i - +0 cloak
rCorr   .          Rampage  .   (no gloves)
Will    .....                   (boots unavailable)
Stlth   ..........              (no amulet)
HPRegen 0.11/turn               g - ring of positive energy
MPRegen 0.12/turn               (no ring)

@: flying quickly and evasively, quick
A: beak, talons 3, nimble flight
a: Renounce Religion


You were on level 4 of the Dungeon.
You worshipped Okawaru.
Okawaru was noncommittal.
You visited 2 branches of the dungeon, and saw 5 of its levels.

You collected 145 gold pieces.


Innate Abilities, Weirdness & Mutations

You have a beak for a mouth.
You have claws for feet.
Your magical nature lets you fly swiftly and evasively.


   Skills:
 - Level 2.0 Fighting
 + Level 6.5 Axes
 - Level 1.0 Throwing
 - Level 3.7 Armour
 - Level 2.1 Dodging
 - Level 1.1 Shields
 - Level 2.0 Spellcasting
 - Level 2.4 Translocations


You had 9 spell levels left.
You didn't know any spells.
Your spell library contained the following spells:

 Spells                   Type           Power      Damage    Failure   Level
 Blink                    Tloc           16%        N/A       100%        2
 Gell's Gravitas          Tloc           8%         N/A       100%        3
 Lesser Beckoning         Tloc           8%         N/A       100%        3
 Teleport Other           Tloc           8%         N/A       100%        3
 Manifold Assault         Tloc           8%         N/A       100%        5

Inventory:

Hand Weapons
 d - a +0 flail
 Y - a +0 hand axe (weapon)
Armour
 e - a +0 plate armour (worn)
 h - a +0 buckler (worn)
 i - a +0 cloak (worn)
Jewellery
 g - a ring of positive energy (left hand)
Scrolls
 a - 2 scrolls of identify
Potions
 b - a potion of heal wounds
 c - 3 potions of curing

Dungeon Overview and Level Annotations

Branches:
Dungeon (4/15)             Temple (1/1) D:4

Altars:
Ashenzari
Elyvilon
Fedhas
Gozag
Kikubaaqudgha
Okawaru
Qazlal
Ru
Sif Muna
Uskayaw
Wu Jian
Zin

Annotations:
D:2 1 runed translucent door, Crazy Yiuf


Message History

You hit the gnoll. You claw the gnoll.
The gnoll is heavily wounded.
You block the gnoll's attack.
You hit the gnoll. Your kick misses the gnoll. Your peck misses the gnoll.
The gnoll is almost dead.
You hit the gnoll.
You kill the gnoll!
Okawaru accepts your kill.
You hit the gnoll.
The gnoll is lightly wounded.
An ogre comes into view. It is wielding a +0 giant spiked club.
The gnoll hits you with a +0 whip.
You hit the gnoll but do no damage.
The gnoll is lightly wounded.
The gnoll barely misses you.
You closely miss the gnoll. You claw the gnoll.
You peck the gnoll, but do no damage.
The gnoll is heavily wounded.
The gnoll hits you with a +0 whip.
You barely miss the gnoll. You claw the gnoll!
You kill the gnoll!
Okawaru accepts your kill.
You hit the ogre.
The ogre is lightly wounded.
The ogre barely misses you.
You hit the ogre. You claw the ogre.
The ogre is moderately wounded.
The ogre hits you with a +0 giant spiked club.
You hit the ogre but do no damage.
The ogre is moderately wounded.
You hit the ogre but do no damage. You claw the ogre.
The ogre is heavily wounded.
The ogre hits you with a +0 giant spiked club!
You barely miss the ogre. Your kick misses the ogre. You peck the ogre.
The ogre is heavily wounded.
You hit the ogre. You claw the ogre.
The ogre is severely wounded.
The ogre hits you with a +0 giant spiked club!!
Ouch! That really hurt!
You die...

##...###...#.......#......#
#.....##.#...#.>.#...#.##.###
##...###...#.......#...##....
##..))......#.#.#...#####.##
#.####.###.........# #.# #.#
#.# #..#.#.#..# #.# #'# #.#
##.....#.## #^# ...
#.####..#....######.## ...
#....@)....## #....... .g.
######O###.# #.###...
.####)..##.####.###...
g.'.g..................
..####...##.####.#.....
##.###.# #.#.##.. ### #.#
#.#.###. #.# #.#.###. #.#
#.......


You could see an ogre.

Vanquished Creatures
  A sky beast (D:4)
  A necrophage (D:4)
  An orc priest (D:4)
  Jessica (D:2)
  An orc wizard (D:4)
  4 gnolls (D:4)
  4 adders
  A worm (D:4)
  3 dart slugs
  3 orcs (D:4)
  7 ball pythons
  3 bats
  3 endoplasms
  5 goblins
  8 hobgoblins
  7 jackals (D:1)
  7 kobolds
  2 quokkas (D:4)
  4 rats
66 creatures vanquished.

Notes
Turn   | Place    | Note
-------+----------+-------------------------------------------
     0 | D:1      | qw the Tengu Warper began the quest for the Orb.
     0 | D:1      | Reached XP level 1. HP: 12/12 MP: 4/4
     0 | D:1      | 0 ||| qw: Version: 0.1-a-89-g26bdef1
     0 | D:1      | 0 ||| qw: Game counter: 202
     0 | D:1      | 0 ||| qw: Always use a shield: true
     0 | D:1      | 0 ||| qw: God list: Okawaru
     0 | D:1      | 0 ||| qw: Allow faded altars: false
     0 | D:1      | 0 ||| qw: Do Orc after D:15 true
     0 | D:1      | 0 ||| qw: Do second Lair branch before Depths: true
     0 | D:1      | 0 ||| qw: Lair rune preference: random
     0 | D:1      | 0 ||| qw: Plans: Normal
     0 | D:1      | 0 ||| PLANNING D:1-11
    24 | D:1      | 24 ||| Stepping ~*~*~tactically~*~*~ (stealth).
    26 | D:1      | 26 ||| Stepping ~*~*~tactically~*~*~ (stealth).
    28 | D:1      | 28 ||| Stepping ~*~*~tactically~*~*~ (stealth).
    30 | D:1      | 30 ||| Stepping ~*~*~tactically~*~*~ (stealth).
    34 | D:1      | 34 ||| Stepping ~*~*~tactically~*~*~ (stealth).
    81 | D:1      | 81 ||| Stepping ~*~*~tactically~*~*~ (stealth).
    91 | D:1      | Reached skill level 3 in Axes
    91 | D:1      | Reached XP level 2. HP: 15/17 MP: 6/6
    96 | D:1      | HP: 4/17 [jackal (1)]
   642 | D:1      | 642 ||| Stepping ~*~*~tactically~*~*~ (stealth).
   659 | D:1      | Reached XP level 3. HP: 18/21 MP: 7/7
   729 | D:1      | Found a faded altar of an unknown god.
   915 | D:1      | 915 ||| Stepping ~*~*~tactically~*~*~ (stealth).
   916 | D:1      | 916 ||| Stepping ~*~*~tactically~*~*~ (stealth).
   919 | D:1      | Reached skill level 4 in Axes
  1126 | D:1      | 1126 ||| UPGRADING to +0 plate armour.
  1136 | D:1      | 1136 ||| DROPPING +0 leather armour.
  1137 | D:1      | 1137 ||| UPGRADING to ring of positive energy.
  1138 | D:1      | 1138 ||| READING 2 scrolls labelled ZORESOLOCWA.
  1139 | D:1      | 1139 ||| READING 3 scrolls labelled FEYTSY OWUKEITSOTU.
  1140 | D:1      | 1140 ||| READING scroll labelled PEAJIA BAF HUL.
  1145 | D:1      | 1145 ||| DROPPING scroll of blinking.
  1146 | D:1      | 1146 ||| DROPPING 2 scrolls of fear.
  1399 | D:2      | Identified the +1 leather armour of the Scorching Gods
                  | {Will+ Regen+}
  1748 | D:2      | Noticed Jessica
  1749 | D:2      | 1749 ||| Stepping ~*~*~tactically~*~*~ (hiding).
  1753 | D:2      | Killed Jessica
  1754 | D:2      | Reached XP level 4. HP: 21/26 MP: 8/8
  1825 | D:2      | 1825 ||| Stepping ~*~*~tactically~*~*~ (hiding).
  2248 | D:2      | Found a runed translucent door.
  2249 | D:2      | Noticed Crazy Yiuf
  2513 | D:2      | 2513 ||| UPGRADING to +0 buckler.
  2518 | D:2      | 2518 ||| UPGRADING to +0 cloak.
  2523 | D:2      | 2523 ||| READING scroll labelled GYNGINKARPH.
  2524 | D:2      | 2524 ||| READING scroll labelled EHAPLAEQOS.
  2525 | D:2      | 2525 ||| DRINKING 4 sapphire potions.
  2526 | D:2      | 2526 ||| DRINKING 2 brown potions.
  2527 | D:2      | 2527 ||| DROPPING potion of invisibility.
  2528 | D:2      | 2528 ||| Stepping randomly (stuck).
  2529 | D:2      | 2529 ||| Stepping ~*~*~tactically~*~*~ (cloud).
  2536 | D:2      | HP: 6/26 [poisoned by you (poison gas)]
  2838 | D:3      | 2838 ||| PLANNING SEWER
  2869 | D:3      | 2869 ||| Stepping ~*~*~tactically~*~*~ (hiding).
  2940 | D:3      | 2940 ||| Stepping ~*~*~tactically~*~*~ (hiding).
  2942 | D:3      | 2942 ||| Stepping ~*~*~tactically~*~*~ (hiding).
  3267 | D:3      | Found a glowing drain.
  3268 | D:3      | 3268 ||| READING 3 scrolls of identify.
  3268 | D:3      | 3268 ||| IDENTIFYING black potion
  3269 | D:3      | 3269 ||| READING 2 scrolls of identify.
  3269 | D:3      | 3269 ||| IDENTIFYING fizzy grey potion
  3270 | D:3      | 3270 ||| DROPPING potion of berserk rage.
  3298 | D:3      | Reached skill level 1 in Shields
  3361 | D:3      | Gained mutation: Your magical nature lets you fly swiftly
                  | and evasively. [Tengu growth]
  3361 | D:3      | Reached XP level 5. HP: 30/30 MP: 9/9
  3552 | D:3      | 3552 ||| RIP SEWER
  3556 | D:3      | 3556 ||| PLANNING D:1-11
  3556 | D:3      | 3556 ||| READING scroll labelled GORPHI UPSOA.
  3614 | D:4      | Reached skill level 5 in Axes
  3625 | D:4      | HP: 5/30 [something (4)]
  3874 | D:4      | 3874 ||| DROPPING +0 whip.
  4034 | D:4      | Reached skill level 6 in Axes
  4034 | D:4      | Reached XP level 6. HP: 24/35 MP: 10/10
  4353 | D:4      | 4353 ||| Stepping ~*~*~tactically~*~*~ (stealth).
  4361 | D:4      | 4361 ||| Stepping ~*~*~tactically~*~*~ (stealth).
  4368 | D:4      | Found a staircase to the Ecumenical Temple.
  4369 | D:4      | 4369 ||| PLANNING TEMPLE
  4377 | Temple   | Entered the Ecumenical Temple
  4503 | Temple   | Became a worshipper of Warmaster Okawaru
  4552 | Temple   | 4552 ||| PLANNING D:1-11
  4686 | D:4      | Noticed a sky beast
  4702 | D:4      | Killed a sky beast
  4703 | D:4      | Reached skill level 3 in Armour
  4849 | D:4      | 4849 ||| Stepping ~*~*~tactically~*~*~ (stealth).
  4850 | D:4      | 4850 ||| Stepping ~*~*~tactically~*~*~ (stealth).
  4855 | D:4      | 4855 ||| Stepping ~*~*~tactically~*~*~ (stealth).
  4873 | D:4      | Annihilated by an ogre

Levels and vault maps discovered:
D:1:      dpeg_arrival_court, layout_rooms,
          hellmonk_ecumenical_altar_slurped_away, skrybe_limestone_x
D:2:      layout_loops_corners, grunt_ministairs_10, uniq_crazy_yiuf_cottage,
          uniq_jessica
D:3:      layout_loops_ring, gup_sewer_entry_glass
D:4:      layout_loops_corners, minmay_temple_entry_sparse_star
Temple:   nicolae_temple_slightly_damp_pantheon

Skill      XL: |  1  2  3  4  5  6 |
---------------+-------------------+-----
Axes           | 3 4 6 |  6.5
Armour         | 2 3 |  3.7
Shields        | 1 |  1.1
Fighting       | |  2.0
Throwing       | |  1.0
Dodging        | |  2.1
Spellcasting   | |  2.0
Translocations | |  2.4

Action                   |  1- 3 |  4- 6 || total
-------------------------+-------+-------++-------
Melee: Hand axe          |    92 |   110 ||   202
       Kick              |    24 |    33 ||    57
       Peck              |    12 |    23 ||    35
Throw: Boomerang         |     7 |       ||     7
  Use: Scroll            |     3 |     5 ||     8
       Potion            |       |     2 ||     2
Armor: Leather armour    |    17 |       ||    17
       Plate armour      |    19 |    52 ||    71
Dodge: Dodged            |    37 |    13 ||    50
Block: Buckler           |       |    13 ||    13

Table legend:
 A = Non-vault XP
 B = Vault XP
 C = Vault XP percentage of total XP
 D = Non-vault monster count
 E = Vault monster count
 F = Vault count percentage of total count
                 A         B        C        D         E       F
            +---------+---------+-------+---------+---------+-------
      Total |     520 |      41 |   7.3 |      62 |       4 |   6.1
            +---------+---------+-------+---------+---------+-------
        D:1 |      47 |       2 |   4.1 |      26 |       1 |   3.7
        D:2 |      49 |      39 |  44.3 |      12 |       3 |  20.0
        D:3 |      29 |       0 |   0.0 |       7 |       0 |   0.0
        D:4 |     395 |       0 |   0.0 |      17 |       0 |   0.0
            +---------+---------+-------+---------+---------+-------
